 Dungeon Crawl Stone Soup version 0.28.0-43-g3370ac3207 (webtiles) character file.

Game seed: 12555263081112247363

2 cbfl8 the Sneak (level 1, 0/17 HPs)
             Began as a Vampire Delver on Mar 19, 2022.
             Succumbed to an adder's poison
             ... in a sewer.
             The game lasted 00:00:31 (90 turns).

cbfl8 the Sneak (Vampire Delver)                      Turns: 90, Time: 00:00:31

Health: 0/17       AC:  3    Str: 11    XL:     1   Next: 25%
Magic:  1/1        EV: 12    Int: 12    God:
Gold:   0          SH:  0    Dex: 15    Spells: 0/0 levels left

rFire   . . .      SeeInvis +   a - +0 falchion
rCold   . . .      Faith    .   (no shield)
rNeg    . . .      Spirit   .   b - +0 leather armour
rPois   .          Reflect  .   (no helmet)
rElec   .          Harm     .   (no cloak)
rCorr   .          Rampage  .   (no gloves)
Will    .....                   (no boots)
Stlth   ++........              (no amulet)
HPRegen 0.25/turn               (no ring)
MPRegen 0.07/turn               (no ring)

@: lethally poisoned (0 -> -1), healing quickly, very slow
A: alive, fangs 3, see invisible, vampiric 1
a: Exsanguinate


You were in a sewer.
You visited 1 branch of the dungeon, and saw 2 of its levels.
You also visited: Sewer.

Inventory:

Hand Weapons
 a - a +0 falchion (weapon)
Armour
 b - a +0 leather armour (worn)
Wands
 g - a wand of digging (3)
Scrolls
 c - a scroll of fog
 e - a scroll of fear
 h - a scroll of torment {unknown}
Potions
 f - a potion of haste


   Skills:
 + Level 2.6 Fighting
 + Level 2.1 Long Blades
 + Level 2.1 Dodging
 + Level 7.3 Stealth


You couldn't memorise any spells.
You didn't know any spells.
Your spell library contained the following spells:

 Spells                   Type           Power      Damage    Failure   Level
 Frozen Ramparts          Ice            0%         1d2       78%         3
 Ice Form                 Ice/Tmut       0%         N/A       99%         4
 Summon Ice Beast         Ice/Summ       0%         N/A       99%         4


Dungeon Overview and Level Annotations

Branches:
Dungeon (5/15)              Sewer (1/1)
 Temple: D:4-7

Altars:


Innate Abilities, Weirdness & Mutations

Your natural rate of healing is accelerated.
You have razor-sharp teeth.
You have supernaturally acute eyesight. (SInv)
You are afflicted with vampirism.


Message History

A frilled lizard is nearby!
A frilled lizard is nearby!
You enter the shallow water.
Moving in this stuff is going to be slow.
You enter the shallow water.
Moving in this stuff is going to be slow.
The frilled lizard bites you but does no damage.
You hit the frilled lizard.
You kill the frilled lizard!
You see here a frilled lizard corpse.
You start resting.
HP restored.
You enter the shallow water.
Moving in this stuff is going to be slow.
An adder comes into view.
The adder hisses angrily.
A frilled lizard comes into view.
The adder bites you.
You are poisoned.
The adder poisons you!
The frilled lizard hisses angrily.
You hit the adder.
The adder is heavily wounded.
You feel sick. The adder completely misses you. The adder bites you.
Your unstable footing causes you to fumble your attack.
You feel sick. The adder bites you.
* * * LOW HITPOINT WARNING * * *
Your unstable footing causes you to fumble your attack.
You feel sick. The adder closely misses you. The adder bites you.
* * * LOW HITPOINT WARNING * * *
You closely miss the adder. Your bite misses the adder.
The adder is heavily wounded.
* * * LOW HITPOINT WARNING * * *
You feel sick. The adder closely misses you. The adder barely misses you.
Your unstable footing causes you to fumble your attack.
* * * LOW HITPOINT WARNING * * *
You feel sick. The adder closely misses you. The frilled lizard misses you.
You hit the adder.
The adder is severely wounded.
You die...

## r# .
########################
≈≈..≈≈l..≈≈≈≈.≈.≈≈≈.≈.≈.
≈≈..≈≈S@≈≈≈≈≈≈...†≈≈..≈.
########################


You could see an adder and a frilled lizard.

Vanquished Creatures
  A quokka (D:4)
  A frilled lizard (Sewer)
2 creatures vanquished.

Notes
Turn   | Place    | Note
-------+----------+-------------------------------------------
     0 | D:5      | cbfl8 the Vampire Delver began the quest for the Orb.
     0 | D:5      | Reached XP level 1. HP: 17/17 MP: 1/1
    30 | D:4      | Found a glowing drain.
    43 | Sewer    | Entered a sewer
    90 | Sewer    | Succumbed to an adder's poison

Illustrated notes

Levels and vault maps discovered:
D:4:      layout_gridville, portal_sewer_entry_f
D:5:      layout_rooms, uniq_crazy_yiuf_cottage
Sewer:    sewer_co_cracked_pipes

Action                   || total
-------------------------++-------
Melee: Falchion          ||     9
       Bite              ||     1
  Use: Scroll            ||     1
Armor: Leather armour    ||     3
Dodge: Dodged            ||    16
